 Dungeon Crawl Stone Soup version 0.22.1-1-ga44c0e56f4 (webtiles) character file.

97 Gargoyl the Skirmisher (level 4, -2/40 HPs)
             Began as a Centaur Abyssal Knight on Oct 19, 2018.
             Was a Believer of Lugonu.
             Slain by a worm (6 damage)
             ... on level 3 of the Dungeon.
             The game lasted 00:03:05 (1643 turns).

Gargoyl the Skirmisher (Centaur Abyssal Knight)     Turns: 1643, Time: 00:03:06

Health: -2/40      AC: 10    Str: 14    XL:     4   Next: 42%
Magic:  5/5        EV:  2    Int: 11    God:    Lugonu [**....]
Gold:   83         SH:  0    Dex: 10    Spells: 3/3 levels left

rFire    . . .     SeeInvis .   a - +2 hand axe
rCold    . . .     Gourm    .   (no shield)
rNeg     . . .     Faith    .   f - +0 plate armour
rPois    .         Spirit   .   i - +0 helmet
rElec    .         Reflect  .   e - scarf {repulsion}
rCorr    .         Harm     .   (no gloves)
MR       .....                  (no barding)
Stlth    ..........             (no amulet)
HPRegen  0.13/turn              (no ring)
MPRegen  0.09/turn              (no ring)

@: lethally poisoned (-2 -> -4), repel missiles, very quick
A: large, hooves 3, deformed body, speed 2, tough skin 3
a: Depart the Abyss, Bend Space, Renounce Religion


You were on level 3 of the Dungeon.
You worshipped Lugonu.
Lugonu was pleased with you.
You were hungry.

You visited 1 branch of the dungeon, and saw 3 of its levels.
You visited the Abyss 1 time.

You collected 83 gold pieces.

Inventory:

Hand Weapons
 a - a +2 hand axe (weapon)
Armour
 e - a scarf of repulsion (worn)
 f - a +0 plate armour (worn)
 i - a +0 helmet (worn)
Scrolls
 b - a scroll of teleportation {unknown}
 d - 2 scrolls of blinking {unknown}
 h - a scroll of remove curse
 m - a scroll of identify
 n - a scroll of amnesia
Potions
 l - a potion of heal wounds {unknown}
Comestibles
 c - 2 rations


   Skills:
 + Level 3.8 Fighting
 + Level 2.4 Axes
 * Level 2.5 Armour
 + Level 0.6 Dodging
 * Level 2.2 Invocations


You had 3 spell levels left.
You didn't know any spells.
Your spell library was empty.

Dungeon Overview and Level Annotations

Branches:
Dungeon (3/15)

Altars:


Innate Abilities, Weirdness & Mutations

You have hooves in place of feet.
Armour fits poorly on your strangely shaped body.
You cover ground very quickly.
You have extremely tough skin. (AC +3)


Message History

You slash the orc!
You kill the orc!
Lugonu accepts your kill.
You hit the worm.
The worm is lightly wounded.
You feel sick. The worm bites you but does no damage.
You slash the worm!
The worm is heavily wounded.
You hit the worm.
The worm is heavily wounded.
The worm bites you but does no damage.
You hit the worm.
The worm is almost dead.
You are feeling hungry.
You feel sick. The worm bites you!
* * * LOW HITPOINT WARNING * * *
You hit the worm. Your kick misses the worm.
The worm is almost dead.
The worm bites you.
You die...

##.##. . ...#.
.. ##... ...
+...####
...##.....#
........#.#
#+##+###.#<#.#
.......((.##.#
..........w@.#
..........####
........†.#
.........)#
..........#
........≈o≈
........≈...
........≈≈≈
........≈≈≈≈


You could see a worm.

Vanquished Creatures
  An orc wizard (D:3)
  An adder (D:3)
  A gnoll (D:2)
  3 dart slugs
  3 leopard geckos
  5 orcs (D:3)
  A giant cockroach (D:2)
  3 goblins
  4 hobgoblins (D:2)
  3 jackals
  A ball python (D:1)
  3 bats
  5 frilled lizards
  4 kobolds
  4 rats
42 creatures vanquished.

Notes
Turn   | Place    | Note
-------+----------+-------------------------------------------
     0 | Abyss:1  | Gargoyl the Centaur Abyssal Knight began the quest for the
                  | Orb.
     0 | Abyss:1  | Reached XP level 1. HP: 19/19 MP: 2/2
   107 | Abyss:1  | Noticed a starcursed mass
   109 | D:1      | Escaped the Abyss
   178 | D:1      | Reached * piety under Lugonu
   178 | D:1      | Reached XP level 2. HP: 22/26 MP: 3/3
   980 | D:2      | Reached XP level 3. HP: 14/31 MP: 4/4
  1184 | D:2      | Noticed an ogre
  1618 | D:3      | Reached ** piety under Lugonu
  1626 | D:3      | Reached XP level 4. HP: 29/40 MP: 5/5
  1643 | D:3      | Slain by a worm

Skill      XL: |  1  2  3 |
---------------+----------+-----
Axes           | 2 |  2.4
Armour         | 2 |  2.5
Fighting       | |  3.8
Dodging        | |  0.6
Invocations    | |  2.2

Action                   |  1- 3 |  4- 6 || total
-------------------------+-------+-------++-------
Melee: Hand axe          |   109 |    17 ||   126
       Kick              |    11 |     3 ||    14
Invok: Depart the Abyss  |     1 |       ||     1
  Use: Scroll            |     4 |       ||     4
       Potion            |     2 |       ||     2
  Eat: Chunk             |     1 |       ||     1
Armor: Plate armour      |   109 |     8 ||   117
       Skin              |    12 |     1 ||    13
Dodge: Dodged            |     7 |     2 ||     9
       Deflected         |     2 |       ||     2
